 Dungeon Crawl Stone Soup version 0.25-a0-804-g50c693f418 (webtiles) character file.

Game seed: 2676304022242753460, levelgen mode: deterministic

65 Error4North the Skirmisher (level 4, 0/40 HPs)
             Began as a Hill Orc Fighter on Apr 20, 2020.
             Slain by Sigmund
             ... wielding a +0 scythe
              (5 damage)
             ... on level 2 of the Dungeon.
             The game lasted 00:02:40 (1252 turns).

Error4North the Skirmisher (Hill Orc Fighter)       Turns: 1252, Time: 00:02:41

Health: 0/40       AC:  9    Str: 19    XL:     4   Next: 13%
Magic:  4/4        EV:  5    Int:  8    God:
Gold:   40         SH:  9    Dex: 10    Spells: 3/3 levels left

rFire    . . .     SeeInvis .   a - +1 war axe
rCold    . . .     Gourm    .   c - +0 kite shield
rNeg     . . .     Faith    .   d - +0 chain mail
rPois    .         Spirit   .   (no helmet)
rElec    .         Reflect  .   (no cloak)
rCorr    .         Harm     .   (no gloves)
MR       +....                  (no boots)
Stlth    ..........             (no amulet)
HPRegen  0.13/turn              j - ring of protection from magic
MPRegen  0.09/turn              (no ring)

@: flying (expiring)
A: no striking features
a: no special abilities


You were on level 2 of the Dungeon.
You were not hungry.

You visited 1 branch of the dungeon, and saw 2 of its levels.

You collected 40 gold pieces.

Inventory:

Hand Weapons
 a - a +1 war axe (weapon)
Armour
 c - a +0 kite shield (worn)
 d - a +0 chain mail (worn)
Jewellery
 j - a ring of protection from magic (left hand)
Scrolls
 e - 2 scrolls of enchant weapon
 g - a scroll of amnesia {unknown}
 h - a scroll of identify {unknown}
 i - a scroll of immolation {unknown}
 k - a scroll of fear {unknown}
Comestibles
 b - 2 chunks of flesh
 f - 3 rations


   Skills:
 * Level 4.1 Fighting
 + Level 3.5 Axes
 * Level 4.1 Armour
 * Level 3.9 Shields


You had 3 spell levels left.
You didn't know any spells.
Your spell library was empty.

Dungeon Overview and Level Annotations

Branches:
Dungeon (2/15)

Altars:

Annotations:
D:2 Sigmund


Message History

Sigmund gestures at you while chanting. The magic dart hits you.
* * * LOW HITPOINT WARNING * * *
Your chain mail prevents you from hitting Sigmund.
Sigmund is almost dead.
You block Sigmund's attack.
You hit Sigmund.
Sigmund is almost dead.
You block Sigmund's attack.
You barely miss Sigmund.
Sigmund is almost dead.
You block Sigmund's attack.
You barely miss Sigmund.
Sigmund is almost dead.
Sigmund barely misses you.
Your shield and chain mail prevent you from hitting Sigmund.
Sigmund is almost dead.
You are starting to lose your buoyancy.
Sigmund hits you with a +0 scythe.
You die...

............ .#
#..........# #.#
#..........# #.#
#..........# #.#
#%.........# #.# .
#..........# #.# ...
#..........#####.##
.....#).................
......@@...###'######..#
##.........# #.# #..#
#.###+###.# #.# #..# #.#
#.# #รท.# #.. #.# #..#
+.....# #... #.###.#
#.## #.# #+# #.# #.##


You could see Sigmund.

Vanquished Creatures
  Terence (D:2)
  An adder (D:2)
  A worm (D:2)
  A dart slug (D:1)
  A leopard gecko (D:1)
  3 bats
  3 giant cockroaches
  2 hobgoblins (D:1)
  3 jackals (D:1)
  A frilled lizard (D:1)
  3 goblins
  4 kobolds
24 creatures vanquished.

Notes
Turn   | Place    | Note
-------+----------+-------------------------------------------
     0 | D:1      | Error4North the Hill Orc Fighter began the quest for the
                  | Orb.
     0 | D:1      | Reached XP level 1. HP: 19/19 MP: 1/1
    71 | D:1      | Reached XP level 2. HP: 21/27 MP: 2/2
   931 | D:2      | Noticed Terence
   938 | D:2      | Killed Terence
   938 | D:2      | Reached XP level 3. HP: 8/33 MP: 3/3
  1203 | D:2      | Reached XP level 4. HP: 37/40 MP: 4/4
  1225 | D:2      | Noticed Sigmund
  1252 | D:2      | Slain by Sigmund

Levels and vault maps discovered:
D:1:      lemuel_arrival_broad_hall, layout_basic
D:2:      layout_basic, lemuel_doored_altar, gammafunk_temple_overflow_statue,
          uniq_natasha, uniq_terence, uniq_crazy_yiuf_cottage, uniq_sigmund

Skill      XL: |  1  2  3 |
---------------+----------+-----
Axes           | 3 |  3.5
Fighting       | 4 |  4.1
Armour         | 4 |  4.1
Shields        | |  3.9

Action                   |  1- 3 |  4- 6 || total
-------------------------+-------+-------++-------
Melee: War axe           |    66 |    24 ||    90
  Use: Potion            |     1 |     1 ||     2
       Scroll            |     1 |       ||     1
  Eat: Chunk             |     1 |       ||     1
Armor: Scale mail        |    33 |       ||    33
       Chain mail        |     7 |    11 ||    18
Dodge: Dodged            |    34 |     4 ||    38
Block: Kite shield       |    37 |     8 ||    45

Table legend:
 A = Non-vault XP
 B = Vault XP
 C = Vault XP percentage of total XP
 D = Non-vault monster count
 E = Vault monster count
 F = Vault count percentage of total count
                 A         B        C        D         E       F
            +---------+---------+-------+---------+---------+-------
      Total |      55 |      38 |  40.9 |      23 |       1 |   4.2
            +---------+---------+-------+---------+---------+-------
        D:1 |      31 |       0 |   0.0 |      17 |       0 |   0.0
        D:2 |      24 |      38 |  61.3 |       6 |       1 |  14.3
            +---------+---------+-------+---------+---------+-------
